 Dungeon Crawl Stone Soup version 0.27-a0-1136-g0b992a5a9d (webtiles) character file.

Game seed: 17277579399095079765

962 Vomitron the Skirmisher (level 8, -2/80 HPs)
             Began as an Ogre Earth Elementalist on May 5, 2021.
             Was an Initiate of Vehumet.
             Killed from afar by a steam dragon (19 damage)
             ... with a ball of steam
             ... on level 7 of the Dungeon.
             The game lasted 00:08:14 (4043 turns).

Vomitron the Skirmisher (Ogre Earth Elementalist)   Turns: 4043, Time: 00:08:15

Health: -2/80      AC:  5    Str: 13    XL:     8   Next: 15%
Magic:  15/15      EV: 13    Int: 18    God:    Vehumet [......]
Gold:   190        SH:  0    Dex:  9    Spells: 10/17 levels left

rFire    . . .     SeeInvis .   e - +0 club
rCold    . . .     Faith    .   (no shield)
rNeg     . . .     Spirit   .   i - +1 robe {Archmagi}
rPois    .         Reflect  .   (helmet restricted)
rElec    .         Harm     .   u - +0 cloak
rCorr    .         Rampage  .   (gloves unavailable)
Will     .....                  (boots unavailable)
Stlth    ..........             h - amulet of magic regeneration
HPRegen  0.23/turn              d - +4 ring of evasion
MPRegen  0.39/turn              (no ring)

@: silenced (expiring), hasted, very quick
A: large, unfitting armour, tough skin 1
a: Renounce Religion


You were on level 7 of the Dungeon.
You worshipped Vehumet.
Vehumet was noncommittal.
You visited 2 branches of the dungeon, and saw 7 of its levels.

You collected 190 gold pieces.

Inventory:

Hand Weapons
 e - a +0 club (weapon)
 w - a +1 flail of protection
Missiles
 b - 63 stones
Armour
 c - a +0 robe
 i - a +1 robe of the Archmagi (worn)
 m - a +0 kite shield
 u - a +0 cloak (worn)
Jewellery
 d - a +4 ring of evasion (left hand)
 h - an amulet of magic regeneration (around neck)
 v - an amulet of faith
 x - a ring of magical power
Wands
 t - a wand of flame (13)
Scrolls
 a - 2 scrolls of enchant armour {unknown}
 f - a scroll of teleportation {unknown}
 g - 5 scrolls of identify {unknown}
 j - 2 scrolls of silence
 l - 2 scrolls of vulnerability {unknown}
 n - a scroll of amnesia {unknown}
 p - 2 scrolls of blinking {unknown}
 q - 2 scrolls of enchant weapon {unknown}
Potions
 k - 3 potions of haste
 o - a potion of lignification {unknown}
 r - a potion of heal wounds
 s - a potion of flight {unknown}


   Skills:
 + Level 5.2 Fighting
 - Level 1.7 Dodging
 - Level 1.4 Stealth
 + Level 2.9 Shields
 + Level 5.1 Spellcasting
 + Level 3.0 Conjurations
 - Level 0.2 Translocations
 - Level 0.8 Transmutations
 + Level 5.0 Earth Magic


You had 10 spell levels left.
You knew the following spells:

 Your Spells              Type           Power      Damage    Failure   Level
a - Sandblast             Erth           68%        2d15      1%          1
b - Stone Arrow           Conj/Erth      56%        3d10      8%          3
c - Magic Dart            Conj           92%        1d7       3%          1
d - Blink                 Tloc           N/A        N/A       19%         2

Your spell library contained the following spells:

 Spells                   Type           Power      Damage    Failure   Level
 Passwall                 Tmut/Erth      18%        N/A       6%          2
 Call Imp                 Summ           6%         N/A       21%         2
 Slow                     Hex            6%         N/A       21%         2
 Conjure Flame            Conj/Fire      15%        6-21      22%         3
 Mephitic Cloud           Conj/Pois/Air  12%        N/A       26%         3
 Petrify                  Tmut/Erth      22%        N/A       36%         4
 Lee's Rapid Deconstruct  Erth           17%        3d11*     41%         5


Dungeon Overview and Level Annotations

Branches:
Dungeon (5/15)             Temple (1/1) D:4

Altars:
Fedhas
Gozag
Hepliaklqana
Okawaru
Qazlal
Trog
Vehumet

Shops:
D:7 *


Innate Abilities, Weirdness & Mutations

You are too large for most types of armour.
You have tough skin. (AC +1)


Message History

Found an opulent altar of Gozag.
A sky beast comes into view.
The kobold demonologist hits you with a +0 dagger.
The steam dragon bites you!
The steam dragon claws you but does no damage.
The kobold demonologist hits you but does no damage.
You hit the steam dragon.
The steam dragon is lightly wounded.
The steam dragon bites you. The steam dragon barely misses you.
You barely miss the steam dragon.
The steam dragon is lightly wounded.
The steam dragon breathes steam at you. The ball of steam misses you.
You hit the steam dragon but do no damage.
The steam dragon is lightly wounded.
You are engulfed in a cloud of scalding steam.
The steam dragon bites you!
* * * LOW HITPOINT WARNING * * *
The steam dragon closely misses you.
The kobold demonologist gestures wildly while chanting.
The steam dragon closely misses you.
The steam dragon claws you but does no damage.
You are engulfed in a cloud of scalding steam.
* * * LOW HITPOINT WARNING * * *
The kobold demonologist gestures wildly while chanting.
It was a potion of haste.
You feel yourself speed up.
You are engulfed in a cloud of scalding steam.
* * * LOW HITPOINT WARNING * * *
The crimson imp spits at you.
The crimson imp blinks!
The steam dragon misses you. The steam dragon barely misses you.
It was a potion of heal wounds.
You feel much better.
You are engulfed in a cloud of scalding steam.
* * * LOW HITPOINT WARNING * * *
The white imp disappears in a puff of smoke!
The kobold demonologist mumbles some strange words.
The steam dragon breathes steam at you.
The ball of steam hits the rust devil.
The rust devil resists.
The ball of steam hits you!!
You die...

#≈.....≈≈≈≈.#
###≈.⌠.⌠....≈.##
..≈..∩..._....#
#≈.⌠.⌠....≈..#
#≈.....≈≈≈ ..#
####≈≈≈≈≈≈≈ ..#
........5#####..#
### #..55FKD4@.#
/...##..$Y#######
#........##
..........##
.§#§≈≈≈#...###
.#§§Y≈≈§#....#
.≈§§..≈≈§#...#
.≈≈.$.(≈§≈.†.#
.≈≈.##?.≈≈...#


You could see a rust devil (summoned), a kobold demonologist, a steam dragon
(catching breath), a sky beast, a bullfrog, an iron imp (summoned), a quasit
(summoned) and an ufetubus (summoned).

Vanquished Creatures
  A wyvern (D:3)
  A sky beast (D:4)
  2 black bears
  2 necrophages (D:5)
  A scorpion (D:4)
  A gnoll shaman (D:5)
  A hound (D:4)
  A scorpion zombie (D:5)
  4 gnolls
  9 adders
  A shadow imp (D:5)
  2 worms
  8 dart slugs
  6 orcs (D:4)
  2 bats (D:1)
  4 endoplasms
  A giant cockroach (D:3)
  3 hobgoblins
  9 jackals
  6 ball pythons
  A goblin (D:1)
  A jackal skeleton (D:4)
  8 kobolds
  4 rats
79 creatures vanquished.

Vanquished Creatures (others)
  A sky beast (D:7)
1 creature vanquished.

Grand Total: 80 creatures vanquished

Notes
Turn   | Place    | Note
-------+----------+-------------------------------------------
     0 | D:1      | Vomitron the Ogre Earth Elementalist began the quest for
                  | the Orb.
     0 | D:1      | Reached XP level 1. HP: 16/16 MP: 3/3
   232 | D:1      | Reached skill level 1 in Fighting
   232 | D:1      | Reached XP level 2. HP: 22/27 MP: 0/5
   991 | D:2      | Reached XP level 3. HP: 33/33 MP: 5/7
  1134 | D:2      | Found a faded altar of an unknown god.
  1213 | D:2      | Learned a level 3 spell: Stone Arrow
  1269 | D:2      | Reached XP level 4. HP: 42/42 MP: 6/8
  1550 | D:2      | Learned a level 1 spell: Magic Dart
  1553 | D:2      | Learned a level 2 spell: Blink
  1676 | D:3      | Noticed a black bear
  1777 | D:3      | Noticed a wyvern
  1781 | D:3      | Killed a wyvern
  1782 | D:3      | Reached skill level 1 in Shields
  1782 | D:3      | Reached skill level 1 in Conjurations
  1782 | D:3      | Reached XP level 5. HP: 53/53 MP: 0/10
  1782 | D:3      | Reached XP level 6. HP: 61/61 MP: 0/11
  2208 | D:3      | Killed a black bear
  2311 | D:4      | Noticed a sky beast
  2321 | D:4      | Killed a sky beast
  2322 | D:4      | Reached XP level 7. HP: 47/70 MP: 0/13
  2894 | D:4      | Found a staircase to the Ecumenical Temple.
  2903 | Temple   | Entered the Ecumenical Temple
  2919 | Temple   | Became a worshipper of Vehumet
  3422 | D:4      | Found a hazy altar of Hepliaklqana.
  3642 | D:5      | Entered Level 5 of the Dungeon
  3663 | D:5      | Reached skill level 5 in Fighting
  3722 | D:5      | Reached skill level 5 in Spellcasting
  3722 | D:5      | Reached XP level 8. HP: 80/80 MP: 3/15
  3852 | D:5      | Reached skill level 5 in Earth Magic
  4019 | D:5      | You fall into a shaft and drop 2 floors!
  4019 | D:7      | Noticed a kobold demonologist
  4030 | D:7      | Found Gozag's Platinum Reserve.
  4030 | D:7      | Found an opulent altar of Gozag.
  4041 | D:7      | HP: 3/80 [steam dragon] (6)]
  4043 | D:7      | Killed from afar by a steam dragon

Illustrated notes

Levels and vault maps discovered:
D:1:      dpeg_arrival_castle, layout_basic, amcnicky_mini_pool_small
D:2:      layout_basic, ebering_ecumenical_altar_box
D:3:      layout_rooms
D:4:      layout_basic, general_overflow_altar, temple_fountains
D:5:      layout_cave_pools
D:7:      layout_loops_ring, nicolae_gozag_zags_fifth_avenue,
          hangedman_decor_slide_cut, hangedman_misty_isle,
          uniq_crazy_yiuf_cottage
Temple:   nicolae_temple_great_sept

Skill      XL: |  1  2  3  4  5  6  7  8 |
---------------+-------------------------+-----
Fighting       | 1 2 3 4 5 |  5.2
Earth Magic    | 3 4 5 |  5.0
Spellcasting   | 3 4 5 |  5.1
Shields        | 1 2 |  2.9
Conjurations   | 1 2 3 |  3.0
Dodging        | |  1.7
Stealth        | |  1.4
Translocations | |  0.2
Transmutations | |  0.8

Action                   |  1- 3 |  4- 6 |  7- 9 || total
-------------------------+-------+-------+-------++-------
Melee: Club              |    43 |    58 |    33 ||   134
       Unarmed           |     3 |       |       ||     3
 Cast: Sandblast         |    19 |    31 |    15 ||    65
       Magic Dart        |       |     6 |    27 ||    33
       Stone Arrow       |       |     6 |    21 ||    27
  Use: Potion            |       |       |     2 ||     2
       Scroll            |       |       |     1 ||     1
 Stab: Sleeping          |     3 |       |       ||     3
Armor: Robe              |     8 |    18 |    13 ||    39
Dodge: Dodged            |    47 |    62 |    24 ||   133

Table legend: (Time is in decaauts)
 A = Elapsed time spent in this place.
 B = Non-inter-level travel time spent in this place.
 C = Inter-level travel time spent in this place.
 D = Time resting spent in this place.
 E = Time spent auto-exploring this place.
 F = Levels seen in this place.
 G = Mean time per level.
                   A        B        C        D        E       F      G
               +--------+--------+--------+--------+--------+-----+--------+
         Total |   4083 |   3969 |    114 |    252 |   3092 |   7 |  583.3 |
       Dungeon |   4055 |   3952 |    103 |    252 |   3080 |   6 |  675.8 |
        Temple |     27 |     16 |     11 |      0 |     12 |   1 |   27.0 |
               +--------+--------+--------+--------+--------+-----+--------+

Top non-repeatable levels by time:
     D:4: 1312 daAuts
     D:2: 945 daAuts
     D:1: 757 daAuts
     D:3: 639 daAuts
     D:5: 376 daAuts
  Temple: 27 daAuts
     D:7: 24 daAuts
